 Dungeon Crawl Stone Soup version 0.30-a0-1160-g6e42c06551 (webtiles) character file.

Game seed: 14662380164574232442

798 slphil the Magician (level 7, -3/49 HPs)
             Began as a Mummy Necromancer on Apr 26, 2023.
             Was a Follower of Hepliaklqana.
             Slain by Dowan
             ... wielding a +3 dagger of freezing
              (5 damage)
             ... on level 5 of the Dungeon.
             The game lasted 00:09:56 (4599 turns).

slphil the Magician (Mummy Necromancer)             Turns: 4599, Time: 00:09:57

Health: -3/49      AC:  4    Str: 11    XL:     7   Next: 58%
Magic:  1/16       EV: 12    Int: 16    God:    Hepliaklqana [*.....]
Gold:   192        SH:  0    Dex: 13    Spells: 10/18 levels left

rFire   x . .        n - +2 short sword (speed)
rCold   + . .        (no shield)
rNeg    + + +        a - +0 robe
rPois   ∞            (no helmet)
rElec   .            h - +0 cloak
rCorr   .            o - +0 pair of gloves
SInv    .            (no boots)
Will    .....        (no amulet)
Stlth   ++           d - ring of wizardry
HPRegen 0.28/turn    (no ring)
MPRegen 0.15/turn

%: faith, wizardry (x1)
@: no status effects
A: reduced essence, cold resistance 1, negative energy resistance 3, torment
resistance 2, heat vulnerability 1, in touch with death 1, no potions, faith
a: Renounce Religion, Recall Ancestor, Ancestor Identity


You were on level 5 of the Dungeon.
You worshipped Hepliaklqana.
Hepliaklqana was aware of your devotion.
You visited 1 branch of the dungeon, and saw 5 of its levels.

You collected 192 gold pieces.

Inventory:

Hand Weapons
 b - a +0 dagger
 e - a +1 dagger of protection
 m - a +0 short sword of electrocution
 n - a +2 short sword of speed (weapon)
 q - a +3 vampiric dagger
Armour
 a - a +0 robe (worn)
 h - a +0 cloak (worn)
 o - a +0 pair of gloves (worn)
Jewellery
 d - a ring of wizardry (left hand)
 i - a +6 ring of strength
 l - a ring of fire
Wands
 k - a wand of flame (11)
Scrolls
 c - a scroll of teleportation {unknown}
 f - a scroll of poison {unknown}
 g - a scroll of enchant weapon {unknown}
 j - 6 scrolls of identify {unknown}
 p - a scroll of blinking {unknown}


   Skills:
 + Level 4.7 Fighting
 - Level 1.5 Dodging
 - Level 1.5 Stealth
 + Level 6.4 Spellcasting
 + Level 6.3 Necromancy


You had 10 spell levels left.
You knew the following spells:

 Your Spells              Type           Power      Damage    Failure   Level
a - Necrotise             Necr           100%       1d9       1%          1
b - Vampiric Draining     Necr           38%        2d8       1%          3
c - Animate Dead          Necr           38%        N/A       4%          4

Your spell library contained the following spells:

 Spells                   Type           Power      Damage    Failure   Level
 Agony                    Necr           38%        N/A       11%         5
 Summon Ice Beast         Ice/Summ       5%         N/A       45%         4
 Summon Mana Viper        Hex/Summ       5%         N/A       78%         5
 Monstrous Menagerie      Summ           2%         N/A       100%        7


Dungeon Overview and Level Annotations

Branches:
Dungeon (5/15)
 Temple: D:4-7

Altars:
Hepliaklqana
Makhleb
Nemelex Xobeh
Ru
Vehumet

Annotations:
D:3 2 transporters
D:4 1 runed translucent door, Crazy Yiuf
D:5 Dowan


Innate Abilities, Weirdness & Mutations

Your life essence is reduced to manifest your ancestor. (-10% HP)
You are immune to poison.
Your flesh is cold resistant. (rC+)
You are immune to negative energy. (rN+++)
You are immune to unholy pain and torment.
You are vulnerable to heat. (rF-)
You are in touch with the powers of death.
You do not drink.
You have a special connection with the divine. (Faith)


Message History

You feel a surge of power!
You draw life force from Duvessa!
You feel life coursing into your body. Duvessa hits you with a +0 short sword!
The gnoll bouda hits Xochitl with a +0 whip!
Xochitl hits the gnoll bouda but does no damage.
A dart slug comes into view.
Duvessa attacks as you move away! Duvessa hits you with a +0 short sword!
Dowan points at Duvessa and mumbles some strange words.
Duvessa seems to speed up.
The gnoll bouda barely misses Xochitl.
Xochitl hits Duvessa.
Unknown command.
You hit Duvessa but do no damage.
Duvessa is almost dead.
Duvessa barely misses you.
Xochitl hits Duvessa.
The gnoll bouda closely misses Xochitl.
Unknown command.
You barely miss Duvessa.
Duvessa is almost dead.
Duvessa zaps a wand.
The puff of flame hits you! The fire burns you terribly!
* * * LOW HITPOINT WARNING * * *
The gnoll bouda closely misses Xochitl.
Dowan generates a fountain of clear water, and laughs cruelly.
Xochitl hits Duvessa but does no damage.
You hit Duvessa.
You kill Duvessa!
Dowan's eyes darken. "You have made a black mistake."
Dowan seems to find hidden reserves of power!
Unknown command.
You hit Dowan.
Dowan is lightly wounded.
Xochitl barely misses the gnoll bouda.
The gnoll bouda hits Xochitl with a +0 whip!
Dowan hits you with a +3 dagger of freezing.
* * * LOW HITPOINT WARNING * * *
Dowan freezes you.
* * * LOW HITPOINT WARNING * * *
You closely miss Dowan.
Dowan is lightly wounded.
Your attacks no longer feel as feeble.
Dowan hits you with a +3 dagger of freezing.
You die...

###########.### .....#
###.#.# #.... # ###.#
.#### #.#
...#############.#
#.#######.##...........[#
#...wggR@..#.##.#####.###
#.#.###e#....##.# #.#
#....l#.##.##!# #.#
#.._..#.##.#... #.#
#.....#.##.#... #.#
#.###.#....#.... #.# ...
....#..####> #.# ..#
###.##.# #.# .. ..##.#


You could see the friendly Xochitl the ancestor, Dowan (fast), a gnoll bouda
(ally target), an iguana, a gnoll (swift) and a dart slug.

Vanquished Creatures
  Grinder (D:4)
  Duvessa (D:5)
  An ogre (D:4)
  An orc priest (D:3)
  A hound (D:4)
  2 iguanas (D:4)
  Ijyb (D:3)
  An orc wizard (D:4)
  2 adders
  4 gnolls
  2 ufetubi (D:3)
  2 worms
  4 dart slugs
  9 orcs
  12 ball pythons
  10 endoplasms
  6 giant cockroaches
  7 goblins
  3 hobgoblins
  4 quokkas
  2 bats (D:2)
  A frilled lizard (D:1)
  7 kobolds
  3 rats
87 creatures vanquished.

Vanquished Creatures (collateral kills)
  A phantom (D:5)
  A kobold (D:1)
2 creatures vanquished.

Vanquished Creatures (others)
  5 fungi (D:3)
  5 plants (D:3)
10 creatures vanquished.

Grand Total: 99 creatures vanquished

Notes
Turn   | Place    | Note
-------+----------+-------------------------------------------
     0 | D:1      | slphil the Mummy Necromancer began the quest for the Orb.
     0 | D:1      | Reached XP level 1. HP: 13/13 MP: 4/4
   153 | D:1      | Reached XP level 2. HP: 20/20 MP: 3/6
   308 | D:1      | Reached skill level 1 in Fighting
   745 | D:1      | Gained mutation: You are in touch with the powers of death.
                  | [Mummy growth]
   745 | D:1      | Reached XP level 3. HP: 26/26 MP: 5/7
  1551 | D:2      | Reached XP level 4. HP: 33/33 MP: 4/9
  1720 | D:2      | Learned a level 3 spell: Vampiric Draining
  1725 | D:2      | Learned a level 4 spell: Animate Dead
  1969 | D:3      | Found a hazy altar of Hepliaklqana.
  1982 | D:3      | Found a transporter.
  1997 | D:3      | Became a worshipper of Hepliaklqana the Forgotten
  2020 | D:3      | Noticed a bullfrog
  2039 | D:3      | Noticed Ijyb
  2044 | D:3      | Killed Ijyb
  2087 | D:3      | Found a radiant altar of Vehumet.
  2102 | D:3      | Found a transporter.
  2177 | D:3      | Reached skill level 5 in Necromancy
  2177 | D:3      | Reached XP level 5. HP: 39/39 MP: 7/11
  2790 | D:3      | Found a sacrificial altar of Ru.
  2841 | D:3      | Found a burning altar of Makhleb.
  3118 | D:4      | Noticed Grinder
  3140 | D:4      | Noticed an ogre
  3149 | D:4      | Killed an ogre
  3150 | D:4      | Reached skill level 5 in Spellcasting
  3150 | D:4      | Reached XP level 6. HP: 43/47 MP: 2/13
  3305 | D:4      | Paralysed by Grinder for 4 turns
  3337 | D:4      | Killed Grinder
  3338 | D:4      | Reached XP level 7. HP: 35/54 MP: 13/15
  3503 | D:4      | Reached * piety under Hepliaklqana
  4154 | D:4      | Found a runed translucent door.
  4155 | D:4      | Noticed Crazy Yiuf
  4371 | D:5      | Entered Level 5 of the Dungeon
  4580 | D:5      | Found a sparkling altar of Nemelex Xobeh.
  4581 | D:5      | Noticed Duvessa
  4584 | D:5      | Noticed Dowan
  4597 | D:5      | Killed Duvessa
  4598 | D:5      | HP: 2/49 [Dowan/+3 dagger of freezing (1)]
  4599 | D:5      | Slain by Dowan

Illustrated notes

Levels and vault maps discovered:
D:1:      sevenhm_arrival_forest_fort_large_2, layout_rooms
D:2:      layout_loops_ring
D:3:      layout_loops_cross, gammafunk_temple_overflow_arena,
          overflow_temple_1_default, nicolae_hepliaklqana_hazy_memory,
          nicolae_ru_the_path_less_chosen, uniq_ijyb
D:4:      layout_loops_corners, minmay_unequal, uniq_grinder,
          uniq_crazy_yiuf_cottage
D:5:      layout_loops_ring, mainiacjoe_overflow_cross_hatched,
          minmay_temple_entry_drinking_statues, uniq_duvessa

Skill      XL: |  1  2  3  4  5  6  7 |
---------------+----------------------+-----
Spellcasting   | 3 4 5 6 |  6.4
Fighting       | 1 2 3 4 |  4.7
Necromancy     | 5 6 |  6.3
Dodging        | |  1.5
Stealth        | |  1.5

Action                     |  1- 3 |  4- 6 |  7- 9 || total
---------------------------+-------+-------+-------++-------
  Melee: Unarmed           |    13 |       |       ||    13
         Dagger            |    20 |    12 |     5 ||    37
         Short sword       |       |    26 |    27 ||    53
         Punch             |       |     1 |       ||     1
   Cast: Necrotise         |    64 |    75 |    43 ||   182
         Vampiric Draining |       |     2 |     2 ||     4
 Invoke: Recall Ancestor   |       |       |     1 ||     1
  Evoke: Wand              |       |     7 |       ||     7
 Armour: Robe              |     6 |    22 |     7 ||    35
  Dodge: Dodged            |    28 |    56 |    10 ||    94

Table legend: (Time is in decaauts)
 A = Elapsed time spent in this place.
 B = Non-inter-level travel time spent in this place.
 C = Inter-level travel time spent in this place.
 D = Time resting spent in this place.
 E = Time spent auto-exploring this place.
 F = Levels seen in this place.
 G = Mean time per level.
                   A        B        C        D        E       F      G
               +--------+--------+--------+--------+--------+-----+--------+
         Total |   4578 |   4388 |    190 |    112 |   3645 |   5 |  915.6 |
       Dungeon |   4578 |   4388 |    190 |    112 |   3645 |   5 |  915.6 |
               +--------+--------+--------+--------+--------+-----+--------+

Top non-repeatable levels by time:
     D:4: 1598 daAuts
     D:2: 995 daAuts
     D:1: 954 daAuts
     D:3: 944 daAuts
     D:5: 85 daAuts
